 Dungeon Crawl Stone Soup version 0.30-a0-996-ga6910c8ee8 (webtiles) character file.

Game seed: 16108266861129687234

11 croobank the Covert (level 2, 0/43 HPs)
             Began as a Gnoll Delver on Apr 4, 2023.
             Succumbed to an orc's poison
             ... on level 3 of the Dungeon.
             The game lasted 00:03:06 (440 turns).

croobank the Covert (Gnoll Delver)                   Turns: 440, Time: 00:03:06

Health: 0/43       AC:  3    Str: 11    XL:     2   Next: 25%
Magic:  2/2        EV: 13    Int:  9    God:
Gold:   62         SH:  0    Dex: 13    Spells: 1/1 levels left

rFire   . . .      SeeInvis .    a - +0 hand axe
rCold   . . .      Faith    .    (no shield)
rNeg    . . .      Spirit   .    m - +0 leather armour
rPois   .          Reflect  .    (no helmet)
rElec   .          Rampage  .    (no cloak)
rCorr   .                        (no gloves)
Will    .....                    (no boots) Stlth
                                 (no amulet)
HPRegen 0.27/turn                (no ring)
MPRegen 0.08/turn                (no ring)

@: berserking, lethally poisoned (0 -> -9), very quick
A: fangs 1, strong nose, distributed training
a: no special abilities


You were on level 3 of the Dungeon.
You visited 1 branch of the dungeon, and saw 4 of its levels.

You collected 62 gold pieces.

Inventory:

Hand Weapons
 a - a +0 hand axe (weapon)
 b - a +0 sling
Missiles
 d - 5 poisoned darts (quivered)
Armour
 m - a +0 leather armour (worn)
Wands
 g - a wand of digging (2)
 h - a wand of quicksilver (7)
Scrolls
 c - a scroll of fog
 e - a scroll of fear
 i - a scroll of noise {unknown}
 k - 2 scrolls of teleportation {unknown}
 l - a scroll of poison {unknown}
 n - a scroll of blinking {unknown}
 p - a scroll of identify {unknown}
Potions
 f - a potion of haste
 o - a potion of heal wounds {unknown}


   Skills:
 + Level 6.4 Fighting
 + Level 0.3 Short Blades
 + Level 0.3 Long Blades
 + Level 4.4 Axes
 + Level 0.3 Maces & Flails
 + Level 0.3 Polearms
 + Level 0.3 Staves
 + Level 0.3 Ranged Weapons
 + Level 0.3 Throwing
 + Level 0.3 Armour
 + Level 4.4 Dodging
 + Level 9.5 Stealth
 + Level 0.3 Shields
 + Level 0.3 Unarmed Combat
 + Level 0.3 Spellcasting
 + Level 0.2 Conjurations
 + Level 0.2 Hexes
 + Level 0.2 Summonings
 + Level 0.2 Necromancy
 + Level 0.2 Translocations
 + Level 0.2 Transmutations
 + Level 0.2 Fire Magic
 + Level 0.2 Ice Magic
 + Level 0.2 Air Magic
 + Level 0.2 Earth Magic
 + Level 0.2 Poison Magic
 + Level 0.4 Invocations
 + Level 0.3 Evocations


You had one spell level left.
You didn't know any spells.
Your spell library was empty.

Dungeon Overview and Level Annotations

Branches:
Dungeon (6/15)
 Temple: D:4-7

Altars:

Shops:
D:3 (

Annotations:
D:6 Prince Ribbit


Innate Abilities, Weirdness & Mutations

You have very sharp teeth.
Your uncanny sense of smell can sniff out nearby items.
Your experience applies equally to all skills.


Message History

You hit the orc.
The orc is almost dead.
You feel very sick. The orc barely misses you.
You closely miss the orc.
The orc is almost dead.
You feel sick.
The orc hits you with a +0 dagger of venom.
You are more poisoned.
You barely miss the orc.
The orc is almost dead.
You feel very sick.
The orc hits you with a +0 dagger of venom.
You are lethally poisoned!
You hit the orc but do no damage.
The orc is almost dead.
* * * LOW HITPOINT WARNING * * *
You feel very sick. The orc barely misses you.
It was a potion of berserk rage.
A red film seems to cover your vision as you go berserk!
You feel yourself moving faster!
You feel mighty!
* * * LOW HITPOINT WARNING * * *
You feel very sick.
The orc hits you with a +0 dagger of venom.
* * * LOW HITPOINT WARNING * * *
You hit the orc.
You kill the orc!
* * * LOW HITPOINT WARNING * * *
You feel sick.
You are too berserk!
You are too berserk!
You are too berserk!
Calm down first, please.
You are too berserk!
* * * LOW HITPOINT WARNING * * *
You feel sick.
You are too berserk!
You feel a strong urge to attack something.
You die...

## #.. ..
##########.#.#
#.......@)...#
#.########.###
#.# # #####
#.# ..... #.#
##### #.######
#......#
######.#
########.# #


There were no monsters in sight!

Vanquished Creatures
  An orc (D:3)
  2 ball pythons (D:3)
  2 hobgoblins (D:4)
  A kobold (D:3)
  2 quokkas
8 creatures vanquished.

Notes
Turn   | Place    | Note
-------+----------+-------------------------------------------
     0 | D:5      | Reached skill level 9 in Stealth
     0 | D:5      | croobank the Gnoll Delver began the quest for the Orb.
     0 | D:5      | Reached XP level 1. HP: 23/23 MP: 1/1
     8 | D:6      | Noticed an iguana
    27 | D:6      | Noticed Prince Ribbit
    52 | D:5      | Noticed a gnoll bouda
   145 | D:5      | Noticed a jelly
   327 | D:3      | Found Ycwelia's Antique Weapon Emporium.
   343 | D:3      | Reached XP level 2. HP: 27/29 MP: 2/2
   439 | D:3      | HP: 2/43 [poisoned by an orc]
   440 | D:3      | Succumbed to an orc's poison

Illustrated notes

Levels and vault maps discovered:
D:3:      layout_loops_ring, serial_shops, nicolae_shop_statue_plus,
          minmay_misc_feat_x, uniq_grinder
D:4:      layout_rooms, gammafunk_temple_overflow_wave, corexii_checkpoint_a
D:5:      layout_basic, serial_park_tiny_2
D:6:      layout_gridville, minmay_temple_entry_grid, uniq_prince_ribbit1

Skill      XL: | |
---------------+-+-----
Stealth        | |  9.5
Fighting       | |  6.4
Short Blades   | |  0.3
Long Blades    | |  0.3
Axes           | |  4.4
Maces & Flails | |  0.3
Polearms       | |  0.3
Staves         | |  0.3
Ranged Weapons | |  0.3
Throwing       | |  0.3
Armour         | |  0.3
Dodging        | |  4.4
Shields        | |  0.3
Unarmed Combat | |  0.3
Spellcasting   | |  0.3
Conjurations   | |  0.2
Hexes          | |  0.2
Summonings     | |  0.2
Necromancy     | |  0.2
Translocations | |  0.2
Transmutations | |  0.2
Fire Magic     | |  0.2
Ice Magic      | |  0.2
Air Magic      | |  0.2
Earth Magic    | |  0.2
Poison Magic   | |  0.2
Invocations    | |  0.4
Evocations     | |  0.3

Action                     || total
---------------------------++-------
  Melee: Hand axe          ||    15
         Punch             ||     1
         Bite              ||     1
   Fire: Sling             ||    15
  Evoke: Wand              ||     1
    Use: Scroll            ||     1
         Potion            ||     1
   Stab: Sleeping          ||     1
 Armour: Leather armour    ||     6
  Dodge: Dodged            ||    20

Table legend: (Time is in decaauts)
 A = Elapsed time spent in this place.
 B = Non-inter-level travel time spent in this place.
 C = Inter-level travel time spent in this place.
 D = Time resting spent in this place.
 E = Time spent auto-exploring this place.
 F = Levels seen in this place.
 G = Mean time per level.
                   A        B        C        D        E       F      G
               +--------+--------+--------+--------+--------+-----+--------+
         Total |    445 |    445 |      0 |     45 |     64 |   4 |  111.2 |
       Dungeon |    445 |    445 |      0 |     45 |     64 |   4 |  111.2 |
               +--------+--------+--------+--------+--------+-----+--------+

Top non-repeatable levels by time:
     D:4: 160 daAuts
     D:5: 122 daAuts
     D:3: 121 daAuts
     D:6: 41 daAuts
